 Dungeon Sprint DCSS version 0.30-a0-177-g1cb5dbfd7a (webtiles) character file.

Game seed: 10388848434743248202

3595 hellse the Thaumaturge (level 10, 0/82 HPs)
             Began as a Gnoll Fire Elementalist on Oct 2, 2022.
             Was a High Priest of Vehumet.
             Slain by a deep elf knight
             ... wielding a +0 scimitar
              (20 damage)
             ... in the Dungeon (Sprint III: "The Ten Rune Challenge").
             The game lasted 00:07:42 (2116 turns).

hellse the Thaumaturge (Gnoll Fire Elementalist)    Turns: 2116, Time: 00:07:43

Health: 0/82       AC:  2    Str:  8    XL:     10   Next: 10%
Magic:  5/24       EV: 16    Int: 18    God:    Vehumet [*****.]
Gold:   2614       SH:  0    Dex: 13    Spells: 6/29 levels left

rFire   . . .      SeeInvis .    p - +1 broad axe
rCold   . . .      Faith    .    (no shield)
rNeg    . . .      Spirit   .    a - +0 robe
rPois   .          Reflect  .    (no helmet)
rElec   .          Harm     .    (no cloak)
rCorr   .          Rampage  .    (no gloves)
Will    .....      NoTele   +    (no boots)
Stlth   ++++......               (no amulet)
HPRegen 0.33/turn                (no ring)
MPRegen 0.19/turn                (no ring)

@: no status effects
A: fangs 1, strong nose, distributed training
a: Renounce Religion


You were in the Dungeon.
You worshipped Vehumet.
Vehumet was extremely pleased with you.
You visited 1 branch You collected 2614 gold pieces.

Inventory:

Hand Weapons
 p - a +1 broad axe (weapon)
Armour
 a - a +0 robe (worn)
Scrolls
 g - a scroll of blinking
 i - a scroll of torment {unknown}
 j - 2 scrolls of identify {unknown}
 l - a scroll of immolation {unknown}
Potions
 b - 3 potions of magic
 c - a potion of curing
 d - 2 potions of heal wounds
 e - a potion of haste
 f - 2 potions of berserk rage
 h - 4 potions of mutation {unknown}
 k - a potion of resistance {unknown}
 m - a potion of flight {unknown}
 n - a potion of might
Miscellaneous
 o - a lightning rod (3/4)


   Skills:
 + Level 8.8 Fighting
 + Level 8.8 Short Blades
 + Level 8.8 Long Blades
 + Level 8.8 Axes
 + Level 8.8 Maces & Flails
 + Level 8.8 Polearms
 + Level 8.8 Staves
 + Level 8.8 Ranged Weapons
 + Level 8.8 Throwing
 + Level 8.8 Armour
 + Level 10.0 Dodging
 + Level 9.8 Stealth
 + Level 8.8 Shields
 + Level 8.8 Unarmed Combat
 + Level 10.1 Spellcasting
 + Level 7.6 Conjurations
 + Level 7.3 Hexes
 + Level 7.3 Summonings
 + Level 7.3 Necromancy
 + Level 7.3 Translocations
 + Level 7.3 Transmutations
 + Level 9.2 Fire Magic
 + Level 7.3 Ice Magic
 + Level 7.3 Air Magic
 + Level 7.3 Earth Magic
 + Level 7.3 Poison Magic
 + Level 9.6 Invocations
 + Level 8.8 Evocations


You had 6 spell levels left.
You knew the following spells:

 Your Spells              Type           Power      Damage    Failure   Level
a - Foxfire               Conj/Fire      100%       2x1d9     1%          1
b - Scorch                Fire           84%        2d9       1%          2
c - Flame Wave            Conj/Fire      39%        2d11      1%          4
d - Fireball              Conj/Fire      19%        3d9       1%          5
e - Searing Ray           Conj           72%        2d7       1%          2
f - Starburst             Conj/Fire      19%        6d7       11%         6
g - Hailstorm             Conj/Ice       36%        3d9       1%          3

Your spell library contained the following spells:

 Spells                   Type           Power      Damage    Failure   Level
 Sticky Flame             Conj/Fire      39%        2d6       1%          4
 Slow                     Hex            100%       N/A       1%          1
 Confusing Touch          Hex            35%        N/A       1%          3
 Inner Flame              Hex/Fire       39%        N/A       1%          3
 Kindle Blastsparks       Fire/Tloc/Air  74%        2d16      1%          3
 Vampiric Draining        Necr           35%        2d8       1%          3


Dungeon Overview and Level Annotations

Branches:
Dungeon (1/1)

Altars:
Cheibriados
Dithmenos
Elyvilon
Fedhas
Gozag
Hepliaklqana
Kikubaaqudgha
Makhleb
Nemelex Xobeh
Okawaru
Qazlal
Ru
Sif Muna
Trog
Uskayaw
Vehumet
Wu Jian
Xom
Yredelemnul
Zin
The Shining One
Jiyva
Lugonu

Shops:
D [


Innate Abilities, Weirdness & Mutations

You have very sharp teeth.
Your uncanny sense of smell can sniff out nearby items.
Your experience applies equally to all skills.


Message History

Aiming: Fireball (dangerous; 1% risk of failure)
Press: ? - help, Shift-Dir - straight line The fireball explodes!
The fireball engulfs something!
The fireball engulfs the deep elf zephyrmancer!
The deep elf zephyrmancer is almost dead.
The fireball engulfs the deep elf knight!
The deep elf knight is moderately wounded.
You hear a shout! x3
Unknown command.
Unknown command.
Casting: Fireball (dangerous; 1% risk of failure)
Confirm with . or Enter, or press ? or * to list all spells.
Aiming: Fireball (dangerous; 1% risk of failure)
Press: ? - help, Shift-Dir - straight line, f - deep elf knight
Aim: a deep elf knight, wielding a +0 long sword and wearing a +0 leather armour (moderately wounded)
The fireball explodes!
The fireball engulfs something.
The fireball engulfs you!
The fireball engulfs the deep elf knight!
The deep elf knight is severely wounded.
You hear some strange, mumbled words.
A shard of ice appears from out of thin air!
The shard of ice hits you!!!
Ouch! That really hurt!
* * * LOW HITPOINT WARNING * * *
The deep elf knight unwields a +0 long sword.
The deep elf knight wields a +0 shortbow.
The deep elf knight shoots an arrow.
Unknown command.
Okay, then.
Okay, then.
Okay, then.
Aiming: Thunderbolt
Press: ? - help, Shift-Dir - straight line, f/p - deep elf knight
Aim: a deep elf knight, wielding a +0 shortbow and wearing a +0 leather armour (heavily wounded)
The thunderbolt hits something.
The thunderbolt hits the deep elf knight!!
You kill the deep elf knight!
Vehumet accepts your kill. Something hits you!!
You die...

▓▓▓▓▓▓▓▓▓
########.#.#...#######
_#__##.#.#.∩...'.#...#
)#._#.........##.#...##≈
##'##.)).....#.#@#...≈≈≈
....#))).....###{#.e.##≈
...)#)###.##.###.ee..#
###'#)##.#.#...#######
#..)#)##############
#..[#....#.#.#.....#
#...##.#..#.##.###.#
#..)'##.#.#.##)#
'..)#)))#..#..##


You could see 3 deep elf zephyrmancers.

Vanquished Creatures
  Erolcha (D)
  A deep elf knight (D)
  An orc knight (D)
  A deep elf pyromancer (D)
  A shadow (D)
  A spatial vortex (D)
  5 orc warriors (D)
  5 two-headed ogres (D)
  A necrophage (D)
  A water elemental (D)
  A scorpion (D)
  A jelly (D)
  2 orc priests (D)
  Jessica (D)
  A wizard (D)
  A necromancer (D)
  A kobold demonologist (D)
  3 humans (D)
  9 orcs (D)
  An endoplasm (D)
  2 rats (D)
41 creatures vanquished.

Vanquished Creatures (others)
  38 foxfires (D)
38 creatures vanquished.

Grand Total: 79 creatures vanquished

Notes
Turn   | Place    | Note
-------+----------+-------------------------------------------
     0 | D        | hellse the Gnoll Fire Elementalist began the quest for the
                  | Orb.
     0 | D        | Reached XP level 1. HP: 13/13 MP: 6/6
    19 | D        | Noticed Jessica
    22 | D        | Killed Jessica
    23 | D        | Reached skill level 1 in Fighting
    23 | D        | Reached skill level 1 in Short Blades
    23 | D        | Reached skill level 1 in Long Blades
    23 | D        | Reached skill level 1 in Axes
    23 | D        | Reached skill level 1 in Maces & Flails
    23 | D        | Reached skill level 1 in Polearms
    23 | D        | Reached skill level 1 in Staves
    23 | D        | Reached skill level 1 in Ranged Weapons
    23 | D        | Reached skill level 1 in Throwing
    23 | D        | Reached skill level 1 in Armour
    23 | D        | Reached skill level 1 in Shields
    23 | D        | Reached skill level 1 in Unarmed Combat
    23 | D        | Reached skill level 5 in Spellcasting
    23 | D        | Reached skill level 1 in Hexes
    23 | D        | Reached skill level 1 in Summonings
    23 | D        | Reached skill level 1 in Necromancy
    23 | D        | Reached skill level 1 in Translocations
    23 | D        | Reached skill level 1 in Transmutations
    23 | D        | Reached skill level 1 in Ice Magic
    23 | D        | Reached skill level 1 in Air Magic
    23 | D        | Reached skill level 1 in Earth Magic
    23 | D        | Reached skill level 1 in Poison Magic
    23 | D        | Reached skill level 1 in Evocations
    23 | D        | Reached XP level 2. HP: 22/22 MP: 4/8
    23 | D        | Reached XP level 3. HP: 27/27 MP: 4/9
    24 | D        | Reached skill level 5 in Dodging
    33 | D        | Learned a level 2 spell: Scorch
   166 | D        | Noticed a scorpion
   171 | D        | Killed a scorpion
   172 | D        | Reached skill level 5 in Stealth
   172 | D        | Reached XP level 4. HP: 35/35 MP: 3/11
   241 | D        | Noticed a water elemental
   253 | D        | Killed a water elemental
   254 | D        | Reached XP level 5. HP: 42/42 MP: 3/13
   327 | D        | Found a radiant altar of Vehumet.
   327 | D        | Found a shimmering blue altar of Sif Muna.
   327 | D        | Found an ancient bone altar of Kikubaaqudgha.
   335 | D        | Became a worshipper of Vehumet
   401 | D        | Learned a level 4 spell: Flame Wave
   407 | D        | Learned a level 5 spell: Fireball
   407 | D        | Found a glowing silver altar of Zin.
   407 | D        | Found a glowing golden altar of the Shining One.
   407 | D        | Found a white marble altar of Elyvilon.
   407 | D        | Noticed a deep elf pyromancer
   411 | D        | Noticed a fire elemental
   411 | D        | Noticed a fire elemental
   411 | D        | Killed a deep elf pyromancer
   412 | D        | Reached skill level 5 in Fighting
   412 | D        | Reached skill level 5 in Short Blades
   412 | D        | Reached skill level 5 in Long Blades
   412 | D        | Reached skill level 5 in Axes
   412 | D        | Reached skill level 5 in Maces & Flails
   412 | D        | Reached skill level 5 in Polearms
   412 | D        | Reached skill level 5 in Staves
   412 | D        | Reached skill level 5 in Ranged Weapons
   412 | D        | Reached skill level 5 in Throwing
   412 | D        | Reached skill level 5 in Armour
   412 | D        | Reached skill level 5 in Shields
   412 | D        | Reached skill level 5 in Unarmed Combat
   412 | D        | Reached skill level 5 in Conjurations
   412 | D        | Reached skill level 5 in Evocations
   412 | D        | Reached XP level 6. HP: 52/52 MP: 6/16
   412 | D        | Reached XP level 7. HP: 57/57 MP: 6/18
   488 | D        | Found a basalt altar of Yredelemnul.
   488 | D        | Found a shadowy altar of Dithmenos.
   488 | D        | Found a sacrificial altar of Ru.
   493 | D        | Reached * piety under Vehumet
   493 | D        | Offered knowledge of Shock by Vehumet.
   593 | D        | Found a hide-covered altar of Uskayaw.
   593 | D        | Found an iron altar of Okawaru.
   593 | D        | Found a bloodstained altar of Trog.
   593 | D        | Found an ornate altar of the Wu Jian Council.
   593 | D        | Noticed a human
   593 | D        | Noticed a human
   642 | D        | Killed a human
   642 | D        | Killed a human
   642 | D        | Offered knowledge of Searing Ray by Vehumet.
   643 | D        | Reached skill level 5 in Hexes
   643 | D        | Reached skill level 5 in Summonings
   643 | D        | Reached skill level 5 in Necromancy
   643 | D        | Reached skill level 5 in Translocations
   643 | D        | Reached skill level 5 in Transmutations
   643 | D        | Reached skill level 5 in Ice Magic
   643 | D        | Reached skill level 5 in Air Magic
   643 | D        | Reached skill level 5 in Earth Magic
   643 | D        | Reached skill level 5 in Poison Magic
   643 | D        | Reached XP level 8. HP: 47/65 MP: 3/20
   744 | D        | Learned a level 2 spell: Searing Ray
   748 | D        | Noticed a shadow
   753 | D        | Killed a shadow
   753 | D        | Reached ** piety under Vehumet
   849 | D        | Found a blossoming altar of Fedhas.
   849 | D        | Found a stormy altar of Qazlal.
   850 | D        | Found a snail-covered altar of Cheibriados.
   850 | D        | Found a burning altar of Makhleb.
   850 | D        | Found a hazy altar of Hepliaklqana.
   850 | D        | Found a shimmering altar of Xom.
   850 | D        | Found an opulent altar of Gozag.
   850 | D        | Found a sparkling altar of Nemelex Xobeh.
   850 | D        | Found a corrupted altar of Lugonu.
   850 | D        | Found a viscous altar of Jiyva.
  1099 | D        | Offered knowledge of Dazzling Flash by Vehumet.
  1103 | D        | Reached *** piety under Vehumet
  1218 | D        | Learned a level 6 spell: Starburst
  1350 | D        | Noticed a two-headed ogre
  1357 | D        | Killed a two-headed ogre
  1357 | D        | Offered knowledge of Hailstorm by Vehumet.
  1358 | D        | Reached XP level 9. HP: 34/72 MP: 4/22
  1362 | D        | Learned a level 3 spell: Hailstorm
  1368 | D        | Noticed a two-headed ogre
  1470 | D        | Killed a two-headed ogre
  1606 | D        | Reached **** piety under Vehumet
  1606 | D        | Offered knowledge of Ignite Poison by Vehumet.
  1610 | D        | Reached ***** piety under Vehumet
  1651 | D        | Noticed an orc knight
  1660 | D        | Killed an orc knight
  1798 | D        | Offered knowledge of Sticky Flame by Vehumet.
  1962 | D        | Noticed Erolcha
  1981 | D        | Killed Erolcha
  1982 | D        | Reached skill level 10 in Dodging
  1982 | D        | Reached skill level 10 in Spellcasting
  1982 | D        | Reached XP level 10. HP: 57/82 MP: 10/24
  1995 | D        | Found Niyjuq's Armour Emporium.
  2098 | D        | Noticed a deep elf knight
  2098 | D        | Noticed a deep elf zephyrmancer
  2098 | D        | Noticed a deep elf zephyrmancer
  2098 | D        | Noticed a deep elf zephyrmancer
  2098 | D        | Noticed a deep elf knight
  2116 | D        | Killed a deep elf knight
  2116 | D        | Slain by a deep elf knight

Illustrated notes

Levels and vault maps discovered:
D:        dungeon_sprint_mu [sprint_mu_entry_forest, sprint_mu_temple_rooms,
          sprint_mu_d1_spiders, sprint_mu_d2_genie, sprint_mu_d3_branching,
          sprint_mu_orc_legion, sprint_mu_elf_gauntlet, sprint_mu_hive_nellie,
          sprint_mu_lair_fedhas, sprint_mu_vaults_butterflies,
          sprint_mu_slime_circle, sprint_mu_swamp_cave, sprint_mu_snake_twists,
          sprint_mu_blade_basic, sprint_mu_crypt_lich, sprint_mu_tomb_spiral,
          sprint_mu_vestibule_basic, sprint_mu_gehenna_hellfire,
          sprint_mu_dis_giant, sprint_mu_tartarus_statrot,
          sprint_mu_cocytus_islands, sprint_mu_zot1]

Skill      XL: |  1  2  3  4  5  6  7  8  9 |
---------------+----------------------------+-----
Conjurations   | 2 3 5 6 7 |  7.6
Fighting       | 1 3 5 6 7 8 |  8.8
Short Blades   | 1 3 5 6 7 8 |  8.8
Long Blades    | 1 3 5 6 7 8 |  8.8
Axes           | 1 3 5 6 7 8 |  8.8
Maces & Flails | 1 3 5 6 7 8 |  8.8
Polearms       | 1 3 5 6 7 8 |  8.8
Staves         | 1 3 5 6 7 8 |  8.8
Ranged Weapons | 1 3 5 6 7 8 |  8.8
Throwing       | 1 3 5 6 7 8 |  8.8
Armour         | 1 3 5 6 7 8 |  8.8
Shields        | 1 3 5 6 7 8 |  8.8
Unarmed Combat | 1 3 5 6 7 8 |  8.8
Spellcasting   | 5 6 7 8 9 10 | 10.1
Hexes          | 1 2 3 4 5 6 7 |  7.3
Summonings     | 1 2 3 4 5 6 7 |  7.3
Necromancy     | 1 2 3 4 5 6 7 |  7.3
Translocations | 1 2 3 4 5 6 7 |  7.3
Transmutations | 1 2 3 4 5 6 7 |  7.3
Ice Magic      | 1 2 3 4 5 6 7 |  7.3
Air Magic      | 1 2 3 4 5 6 7 |  7.3
Earth Magic    | 1 2 3 4 5 6 7 |  7.3
Poison Magic   | 1 2 3 4 5 6 7 |  7.3
Invocations    | 2 3 4 6 7 8 9 |  9.6
Evocations     | 1 3 5 6 7 8 |  8.8
Dodging        | 5 6 7 8 10 | 10.0
Stealth        | 5 7 8 9 |  9.8
Fire Magic     | 6 7 8 9 |  9.2

Action                   |  1- 3 |  4- 6 |  7- 9 | 10-12 || total
-------------------------+-------+-------+-------+-------++-------
Melee: Unarmed           |       |       |    11 |       ||    11
       Broad axe         |       |       |    10 |     2 ||    12
       Bite              |       |       |     3 |     1 ||     4
       Punch             |       |       |     1 |     1 ||     2
 Cast: Foxfire           |    13 |     8 |       |       ||    21
       Scorch            |     4 |     8 |     3 |       ||    15
       Fireball          |       |       |    17 |     5 ||    22
       Flame Wave        |       |       |     8 |       ||     8
       Searing Ray       |       |       |    10 |       ||    10
       Starburst         |       |       |     6 |       ||     6
       Hailstorm         |       |       |     1 |       ||     1
Evoke: Lightning rod     |       |       |     7 |     1 ||     8
Armor: Robe              |       |       |     1 |       ||     1
Dodge: Dodged            |       |       |    34 |     1 ||    35

Table legend: (Time is in decaauts)
 A = Elapsed time spent in this place.
 B = Non-inter-level travel time spent in this place.
 C = Inter-level travel time spent in this place.
 D = Time resting spent in this place.
 E = Time spent auto-exploring this place.
 F = Levels seen in this place.
 G = Mean time per level.
                   A        B        C        D        E       F      G
               +--------+--------+--------+--------+--------+-----+--------+
         Total |   2119 |   2119 |      0 |   1582 |      0 |   1 | 2119.0 |
       Dungeon |   2119 |   2119 |      0 |   1582 |      0 |   1 | 2119.0 |
               +--------+--------+--------+--------+--------+-----+--------+

Top non-repeatable levels by time:
       D: 2119 daAuts
